 Dungeon Sprint DCSS version 0.22.1-1-ga44c0e5 (webtiles) character file.

95 aMcNicky the Chopper (level 4, -8/44 HPs)
             Began as a Minotaur Fighter on Nov 10, 2018.
             Mangled by an ice beast (10 damage)
             ... summoned by a deep elf mage
             ... in the Dungeon (Sprint III: "The Ten Rune Challenge").
             The game lasted 00:01:32 (422 turns).

aMcNicky the Chopper (Minotaur Fighter)              Turns: 422, Time: 00:01:33

Health: -8/44      AC:  7    Str: 22    XL:     4   Next: 39%
Magic:  3/3        EV:  8    Int:  5    God:
Gold:   14         SH: 10    Dex:  9    Spells: 3/3 levels left

rFire    . . .     SeeInvis .   a - +0 war axe
rCold    . . .     Gourm    .   c - +0 shield
rNeg     . . .     Faith    .   b - +0 scale mail
rPois    .         Spirit   .   (helmet restricted)
rElec    .         Reflect  .   (no cloak)
rCorr    .         Harm     .   (no gloves)
MR       .....     NoTele   +   (no boots)
Stlth    ..........             (no amulet)
HPRegen  0.14/turn              (no ring)
MPRegen  0.08/turn              (no ring)

@: no status effects
A: retaliatory headbutt, horns 2
a: no special abilities


You were in the Dungeon.
You were not hungry.

You visited 1 branch You collected 14 gold pieces.

Inventory:

Hand Weapons
 a - a +0 war axe (weapon)
Armour
 b - a +0 scale mail (worn)
 c - a +0 shield (worn)
Scrolls
 k - a scroll of blinking
 l - a scroll of torment
 n - 4 scrolls of remove curse {@r2}
 o - a scroll of immolation {unknown}
Potions
 d - a potion of might
 e - 3 potions of curing {@q1}
 h - a potion of haste {@q3}
 i - 2 potions of magic
 j - 3 potions of mutation
 p - 2 potions of flight
Comestibles
 f - 3 rations {@e1}


   Skills:
 + Level 5.9 Fighting
 * Level 7.0 Axes
 + Level 5.9 Armour
 + Level 5.9 Shields


You had 3 spell levels left.
You didn't know any spells.
Your spell library was empty.

Dungeon Overview and Level Annotations

Branches:
Dungeon (1/1)

Altars:
Elyvilon
Zin
The Shining One


Innate Abilities, Weirdness & Mutations

You reflexively headbutt those who attack you in melee.
You have a pair of horns on your head.


Message History

You hit the deep elf mage but do no damage.
Your headbutt misses the deep elf mage. You closely miss the ice beast.
You hit the ice beast but do no damage.
The deep elf mage hits you with a long sword of holy wrath.
The ice beast hits you but does no damage. x2
Your shield and scale mail prevent you from hitting the deep elf mage.
You hit the ice beast but do no damage. You barely miss the ice beast.
The deep elf mage mumbles some strange words.
The deep elf mage blinks!
The ice beast hits you but does no damage.
The ice beast hits you. The ice beast freezes you!
You miss the deep elf mage. You hit the ice beast but do no damage.
You closely miss the ice beast.
The deep elf mage gestures at you while chanting.
The bolt of cold hits you!
* * * LOW HITPOINT WARNING * * *
The ice beast hits you.
* * * LOW HITPOINT WARNING * * *
The ice beast freezes you!
You die...

▓▓▓▓▓ ▓▓▓ #[..####
##.#####
#......#####..#__Y#
#.......#..#..#e@.#
##.##...#..#..###Y#+###+
##.###..##'#..#..........
###.##..###...'.⌠........
#..##..####...#...######+
...##..###....#.⌠.#
..##...##.....#...#
.##....#÷.....#+###
###..##.#.....#


You could see a deep elf mage and 2 ice beasts.

Vanquished Creatures
  A water elemental (D)
  A human (D)
  A wolf (D)
  An ooze (D)
  3 rats (D)
7 creatures vanquished.

Vanquished Creatures (others)
  2 draconian scorchers (D)
  6 hellions (D)
  A yaktaur (D)
  A plant (D)
10 creatures vanquished.

Grand Total: 17 creatures vanquished

Notes
Turn   | Place    | Note
-------+----------+-------------------------------------------
     0 | D        | aMcNicky the Minotaur Fighter began the quest for the Orb.
     0 | D        | Reached XP level 1. HP: 19/19 MP: 0/0
    12 | D        | Reached skill level 3 in Axes
    25 | D        | Killed a yaktaur
    52 | D        | Noticed a wolf
    58 | D        | Killed a wolf
    58 | D        | Reached skill level 4 in Axes
    58 | D        | Reached XP level 2. HP: 19/28 MP: 1/1
    64 | D        | Reached skill level 5 in Fighting
    64 | D        | Reached skill level 5 in Axes
    64 | D        | Reached skill level 5 in Armour
    64 | D        | Reached skill level 5 in Shields
    64 | D        | Reached XP level 3. HP: 9/36 MP: 2/2
    89 | D        | Killed a hellion
    90 | D        | Killed a hellion
    96 | D        | Killed a hellion
    96 | D        | Killed a hellion
    98 | D        | Killed a hellion
   102 | D        | Killed a hellion
   138 | D        | Killed a white draconian scorcher
   140 | D        | Killed a white draconian scorcher
   327 | D        | Noticed a water elemental
   333 | D        | Killed a water elemental
   333 | D        | Reached skill level 7 in Axes
   333 | D        | Reached XP level 4. HP: 33/44 MP: 3/3
   414 | D        | Found a glowing silver altar of Zin.
   415 | D        | Found a glowing golden altar of the Shining One.
   415 | D        | Found a white marble altar of Elyvilon.
   415 | D        | Noticed a deep elf mage
   419 | D        | Noticed an ice beast
   420 | D        | Noticed an ice beast
   422 | D        | HP: 2/44 [ice beast[a deep elf mage] (2)]
   422 | D        | Mangled by an ice beast

Skill      XL: |  1  2  3 |
---------------+----------+-----
Fighting       | 4 5 |  5.9
Axes           | 4 5 7 |  7.0
Armour         | 4 5 |  5.9
Shields        | 4 5 |  5.9

Action                   |  1- 3 |  4- 6 || total
-------------------------+-------+-------++-------
Melee: War axe           |    24 |     6 ||    30
       Headbutt          |     4 |       ||     4
  Use: Potion            |     2 |       ||     2
       Scroll            |     2 |       ||     2
Armor: Scale mail        |     7 |     3 ||    10
Dodge: Dodged            |     6 |     1 ||     7
Block: Shield            |     8 |     1 ||     9
